 Dungeon Crawl Stone Soup version 0.22-a0-441-gcf5b0c6 (webtiles) character file.

35 4thArraOfDagon the Sneak (level 3, -2/21 HPs)
             Began as a Halfling Enchanter on May 30, 2018.
             Slain by an adder (4 damage)
             ... on level 2 of the Dungeon.
             The game lasted 00:02:47 (754 turns).

4thArraOfDagon the Sneak (Halfling Enchanter)        Turns: 754, Time: 00:02:48

Health: -2/21      AC:  3    Str:  9    XL:     3   Next: 52%
Magic:  0/5        EV: 14    Int: 19    God:
Gold:   70         SH:  4    Dex: 14    Spells: 2/5 levels left

rFire    . . .     SeeInvis .   i - +3 dagger
rCold    . . .     Gourm    .   g - +0 buckler {reflect}
rNeg     . . .     Faith    .   e - +0 leather armour (curse)
rPois    .         Spirit   .   (no helmet)
rElec    .         Reflect  +   (no cloak)
rCorr    .         Harm     .   (no gloves)
MR       .....                  (no boots)
Stlth    ++........             (no amulet)
HPRegen  0.07/turn              (no ring)
MPRegen  0.09/turn              (no ring)

@: brilliant, lethally poisoned (-2 -> -5), very slightly contaminated
A: small, mutation resistance 1
a: no special abilities


You were on level 2 of the Dungeon.
You were not hungry.

You visited 1 branch of the dungeon, and saw 2 of its levels.

You collected 70 gold pieces.

Inventory:

Hand Weapons
 a - a +1 dagger
 i - a +3 dagger (weapon)
Armour
 b - a +0 robe
 e - a cursed +0 leather armour (worn)
 g - a +0 buckler of reflection (worn)
Jewellery
 k - an uncursed ring of fire
Scrolls
 c - a scroll of amnesia {unknown}
 f - a scroll of enchant armour {unknown}
 h - a scroll of fog {unknown}
 j - 2 scrolls of identify {unknown}
Comestibles
 d - 3 rations


   Skills:
 * Level 2.7 Short Blades
 + Level 2.6 Dodging
 + Level 3.7 Stealth
 + Level 0.8 Shields
 - Level 1.5 Spellcasting
 - Level 2.4 Hexes


You had 2 spell levels left.
You knew the following spells:

 Your Spells              Type           Power        Failure   Level  Hunger
a - Corona                Hex            ###....      1%          1    ##.....
b - Ensorcelled Hibernat  Hex/Ice        ###...       4%          2    ###....

Your spell library contained the following spells:

 Spells                   Type           Power        Failure   Level  Hunger
 Confuse                  Hex            ###.....     4%          3    ####...
 Tukima's Dance           Hex            ###.....     4%          3    ####...
 Dazzling Spray           Conj/Hex       ###...       8%          3    ####...


Dungeon Overview and Level Annotations

Branches:
Dungeon (2/15)

Altars:


Innate Abilities, Weirdness & Mutations

You are small and have problems with some larger weapons.
You are somewhat resistant to further mutation.


Message History

The adder closely misses you.
Casting: Corona (safe; 1% risk of failure)
Confirm with . or Enter, or press ? or * to list all spells.
Aiming: Ensorcelled Hibernation (safe; 4% risk of failure)
Press: ? - help, Shift-Dir - straight line, f/p - adder
Aim: an adder (chance to defeat MR: 56%)
The adder resists with significant effort.
The adder bites you but does no damage. The adder bites you.
* * * LOW HITPOINT WARNING * * *
You are lethally poisoned!
The adder poisons you!
* * * LOW HITPOINT WARNING * * *
You feel sick.
* * * LOW HITPOINT WARNING * * *
You feel sick. The adder barely misses you.
* * * LOW HITPOINT WARNING * * *
You feel sick. The adder bites you.
You die...

#...........#..#
#.........#.#..#
####...#.##.####
#..##.#.....#
#....).......
#.####.......
######.# .......
#..S.#.# ......h
###.##@#.####..%....
#....#.#....#.......
#.#..#.####.#.......
#.#..#.##...........
#....#.##.###......
###..#.##.# ######
##......#
#.....##### #.....#


You could see an adder.

Vanquished Creatures
  An adder (D:2)
  An ooze (D:2)
  A giant cockroach (D:2)
  3 goblins
  5 hobgoblins
  A quokka (D:2)
  4 bats (D:1)
  3 kobolds
19 creatures vanquished.

Notes
Turn   | Place    | Note
-------+----------+-------------------------------------------
     0 | D:1      | 4thArraOfDagon the Halfling Enchanter began the quest for the Orb.
     0 | D:1      | Reached XP level 1. HP: 11/11 MP: 3/3
   194 | D:1      | Reached XP level 2. HP: 13/17 MP: 0/4
   203 | D:1      | Learned a level 2 spell: Ensorcelled Hibernation
   580 | D:2      | Reached XP level 3. HP: 9/21 MP: 5/5
   754 | D:2      | Slain by an adder

Vault maps used:
D:1:      onia_arrival_mini_maze
D:2:      first_ration

Skill      XL: |  1  2 |
---------------+-------+-----
Short Blades   | 2 |  2.7
Dodging        | |  2.6
Stealth        | |  3.7
Shields        | |  0.8
Spellcasting   | |  1.5
Hexes          | |  2.4

Action                   || total
-------------------------++-------
Melee: Dagger            ||    66
 Cast: Corona            ||     6
       Ensorcelled Hiber ||     2
  Use: Potion            ||     1
 Stab: Sleeping          ||     2
Armor: Leather armour    ||    14
       Robe              ||     1
Dodge: Dodged            ||    44
Block: Buckler           ||     7

Table legend:
 A = Spawn XP
 B = Non-spawn XP
 C = Spawn XP percentage of total XP
 D = Spawn monster count
 E = Non-spawn monster count
 F = Spawn count percentage of total count
 G = Total turns spent on level
                    A         B        C        D         E        F      G
               +---------+---------+-------+---------+---------+-------+---------
         Total |       0 |      50 |   0.0 |       0 |      19 |   0.0 |   754
               +---------+---------+-------+---------+---------+-------+---------
           D:1 |       0 |      12 |   0.0 |       0 |       8 |   0.0 |   497
           D:2 |       0 |      38 |   0.0 |       0 |      11 |   0.0 |   257
               +---------+---------+-------+---------+---------+-------+---------
